[Event "*** Titled Tuesday Blitz"]
[Site "Chess.com"]
[Date "2021.03.09"]
[Round "7"]
[White "TorFredrikKaasen"]
[Black "ural58"]
[Result "0-1"]
[WhiteElo "2690"]
[BlackElo "2583"]
[TimeControl "180+1"]
[EndTime "11:21:40 PST"]
[Termination "ural58 won by resignation"]

1. c4 e5 2. Nc3 Nc6 3. g3 Bb4 4. Bg2 Nf6 5. Nd5 Bd6 6. d3 O-O 7. Nf3 Nxd5 8. cxd5 Ne7 9. Nd2 c6 10. dxc6 dxc6 11. O-O Bg4 12. Nc4 Bc7 13. b4 Nd5 14.
Bb2 Re8 15. a3 Qd7 16. Rc1 Bh3 17. e3 Bxg2 18. Kxg2 Rad8 19. Qf3 Qe6 20. Rfd1 f5 21. e4 Ne7 22. Re1 f4 23. h4 b5 24. Nd2 fxg3 25. fxg3 Rf8 26. Qe3 Bb6 27. Rc5 Bxc5 28. bxc5 Qd7 29. Bxe5 Qxd3 30. Bd6 Qxe3 31. Rxe3 Rfe8 32.
Nf3 Nc8 33. e5 Nxd6 34. cxd6 Rxd6 35. exd6 Rxe3 36. d7 Rd3 37. Ne5 Rd2+ 38. Kf3 Kf8 39. Ke3 Rd6 40. Ke4 Ke7 41. Nf7 Kxf7 0-1

[Event "*** Titled Tuesday Blitz"]
[Site "Chess.com"]
[Date "2021.03.09"]
[Round "7"]
[White "Michaelson_11"]
[Black "FMalexhdez"]
[Result "1-0"]
[WhiteElo "2275"]
[BlackElo "2169"]
[TimeControl "180+1"]
[EndTime "11:21:40 PST"]
[Termination "Michaelson_11 won on time"]

1. e4 c5 2. Nc3 d6 3. d4 cxd4 4. Qxd4 Nc6 5. Qd2 g6 6. b3 Bg7 7. Bb2 Nf6 8. O-O-O O-O 9. f3 a6 10. h4 b5 11. g4 b4 12. Nd5 Nxd5 13. exd5 Bxb2+ 14. Kxb2 Ne5 15. h5 e6 16. Qh6 Qf6 17. Kb1 Qg7 18. Qf4 exd5 19. Ne2 Be6 20. Nd4 Rac8 21. h6 Qh8 22. Bd3 Rc3 23. Rhe1 Rfc8 24. Re2 Nxd3 25.
Rxd3 Rxd3 26. cxd3 Bd7 27. Re7 Be8 28. Qe3 Bb5 29.
Nxb5 Rf8 30. Nxd6 Qc3 31. Re8 1-0

[Event "*** Titled Tuesday Blitz"]
[Site "Chess.com"]
[Date "2021.03.09"]
[Round "7"]
[White "Fraler15"]
[Black "Isajevsky_Anton"]
[Result "1-0"]
[WhiteElo "2305"]
[BlackElo "2461"]
[TimeControl "180+1"]
[EndTime "11:21:41 PST"]
[Termination "Fraler15 won on time"]

1. e4 c5 2. Nf3 d6 3. d4 cxd4 4. Nxd4 Nf6 5. Nc3 a6 6. Bc4 e6 7. Bb3 Nbd7 8. Be3 Nc5 9. f4 Nfxe4 10. Nxe4 Nxe4 11. f5 d5 12. O-O e5 13. Nf3 Bxf5 14.
Nxe5 Be6 15. Qf3 Qc7 16. Bf4 Bd6 17. Nd3 O-O 18. Rae1 Bxf4 19. Qxf4 Qxf4 20. Nxf4 Rfd8 21. Rd1 Nf6 22. c3 Rd6 23. Rfe1 Rad8 24. h3 g5 25. Ne2 Kg7 26. Nd4 h6 27. Bc2 Nd7 28. Bf5 Nf8 29. Bc2 R6d7 30. Bb3 Kf6 31. Rf1+ Kg7 32. Bc2 Rd6 33. Bf5 R8d7 34. Rde1 Rd8 35. Re2 R8d7 36. Rfe1 Re7 37. Bxe6 fxe6 38. Nf5+ exf5 39. Rxe7+ Kf6 40. Rxb7 d4 41. cxd4 Ne6 42. Ra7 Nxd4 43. Kf2 f4 44. Ra8 Nf5 45. Rf8+ Kg6 46. Rfe8 Ne3 47. Re2 Kf5 48. Rh8 1-0

[Event "*** Titled Tuesday Blitz"]
[Site "Chess.com"]
[Date "2021.03.09"]
[Round "7"]
[White "Haykoooo0o"]
[Black "LuisFSiles"]
[Result "1-0"]
[WhiteElo "2482"]
[BlackElo "2297"]
[TimeControl "180+1"]
[EndTime "11:21:41 PST"]
[Termination "Haykoooo0o won by resignation"]

1. d4 Nf6 2. Nf3 g6 3. Bf4 Bg7 4. h3 O-O 5. e3 d6 6. Be2 c5 7. c3 Nc6 8. O-O Be6 9. Nbd2 Qb6 10. Ng5 Qxb2 11. Nxe6 fxe6 12. Nc4 Qxc3 13. Rc1 Qb4 14. Rb1 Qc3 15. Rb3 cxd4 16. Rxc3 dxc3 17. Qb3 Nd5 18.
Qxb7 Nxf4 19. exf4 Nd4 20. Bg4 Rab8 21. Qxe7 c2 22.
Bxe6+ Kh8 23. Ne3 Rb1 24. Nxc2 Ne2+ 25. Kh2 Rxf1 26. Bc4 Rxf2 27. Bxe2 R2xf4 28. Qxd6 Rf2 29. Qd3 Re8 30. Bf3 Rc8 31. Ne3 Be5+ 32. Kg1 Bg3 33. Nf1 Rc1 34. Qd4+ Kg8 35. Qxf2 Bxf2+ 36. Kxf2 Rc2+ 37.
Kg3 Rxa2 38. Bd5+ Kg7 39. Bxa2 1-0

[Event "*** Titled Tuesday Blitz"]
[Site "Chess.com"]
[Date "2021.03.09"]
[Round "7"]
[White "slavenok"]
[Black "Gerodot71"]
[Result "0-1"]
[WhiteElo "2712"]
[BlackElo "2589"]
[TimeControl "180+1"]
[EndTime "11:21:42 PST"]
[Termination "Gerodot71 won by checkmate"]

1. e4 e5 2. Nf3 Nc6 3. d4 exd4 4. Bc4 Nf6 5. Qe2 Bb4+ 6. c3 dxc3 7. bxc3 Bc5 8. e5 Ng4 9. O-O O-O 10. h3 Nxf2 11.
Rxf2 Bxf2+ 12. Qxf2 d6 13. Bf4 dxe5 14. Nxe5 Nxe5 15.
Bxe5 Qg5 16. Bf4 Qg6 17. Kh2 Be6 18. Na3 Bxc4 19. Nxc4 Qc6 20. Ne5 Qd5 21. Qg3 f6 22. Ng4 Qc6 23. Bxc7 Rac8 24. Ba5 Kh8 25. Bb4 Rfe8 26. Rd1 Qe6 27. a4 b6 28. a5 bxa5 29. Bxa5 h5 30. Nf2 Qe5 31. Qxe5 Rxe5 32. Ra1 Rd5 33. Bb4 Rc7 34. Nh1 h4 35. Nf2 f5 36.
Ra6 Kh7 37. Ra1 Rd2 38. Nd1 Re2 39. Rb1 Rd7 40. c4 Rc2 41. c5 Re7 42. Nc3 Re3 43. Nd5 Ree2 44. Rg1 g5 45. Nf6+ Kg6 46. Nd7 Rf2 47.
Ne5+ Kh5 48. Nd3 Rfe2 49. Nc1 Rf2 50. Be1 Rfe2 51. Bb4 Rf2 52. Be1 Rf3 53. c6 g4 54.
hxg4+ fxg4 55. c7 Rh3# 0-1

[Event "*** Titled Tuesday Blitz"]
[Site "Chess.com"]
[Date "2021.03.09"]
[Round "7"]
[White "frederiksvane"]
[Black "Savagelittlemole"]
[Result "1-0"]
[WhiteElo "2657"]
[BlackElo "2526"]
[TimeControl "180+1"]
[EndTime "11:21:42 PST"]
[Termination "frederiksvane won by resignation"]

1. e4 c5 2. Nf3 d6 3. Bb5+ Nd7 4. d4 cxd4 5. Qxd4 a6 6. Bxd7+ Bxd7 7. Nc3 Rc8 8. O-O e5 9. Qd3 Be7 10. Rd1 h6 11. Nd2 Nf6 12. Nc4 O-O 13. Nxd6 Bxd6 14. Qxd6 Qa5 15. Bd2 Rc6 16. Nd5 Rxd6 17. Bxa5 Nxd5 18.
c4 Rc8 19. b3 b5 20. cxd5 f5 21. Bb4 Rg6 22. exf5 Bxf5 23. Re1 e4 24. Kf1 Kf7 25. Rac1 Rxc1 26. Rxc1 Ke8 27. g3 Bg4 28. Ke1 Kd7 29.
Kd2 Bf3 30. Ke3 h5 31. h4 Rf6 32.
d6 Bg2 33. Rc7+ Kd8 34. Rxg7 Rf3+ 35. Kd4 Rd3+ 36. Ke5 e3 37. fxe3 Rxe3+ 38. Kd4 Re2 39. Ba5+ Kc8 40. d7+ 1-0

[Event "*** Titled Tuesday Blitz"]
[Site "Chess.com"]
[Date "2021.03.09"]
[Round "7"]
[White "enriquebutti"]
[Black "anasta10"]
[Result "1-0"]
[WhiteElo "2235"]
[BlackElo "2458"]
[TimeControl "180+1"]
[EndTime "11:21:43 PST"]
[Termination "enriquebutti won by resignation"]

1. d4 Nf6 2. c4 g6 3. Nc3 d5 4. cxd5 Nxd5 5. e4 Nxc3 6. bxc3 Bg7 7. Bc4 O-O 8. Ne2 c5 9. O-O Nc6 10. Be3 Qc7 11. Rc1 b6 12. f4 Bb7 13. f5 Na5 14. Bd3 Rad8 15. Qd2 Qc8 16. Bh6 Qa8 17. Bxg7 Kxg7 18.
Qe3 Rc8 19. Ng3 cxd4 20. cxd4 Rxc1 21. Rxc1 Rc8 22. Rf1 Rc3 23. e5 Kg8 24. e6 f6 25.
fxg6 Qf8 26. gxh7+ Kh8 27. Qd2 Ra3 28. Be4 Ba6 29. Rf4 Bc4 30. Rg4 Bxe6 31. Bf5 Bf7 32. d5 Nb7 33. Be6 Kxh7 34. Qc2+ Kh8 35. Rh4+ 1-0

[Event "*** Titled Tuesday Blitz"]
[Site "Chess.com"]
[Date "2021.03.09"]
[Round "7"]
[White "Azerichess"]
[Black "K_A_S_T_O_R"]
[Result "1-0"]
[WhiteElo "2975"]
[BlackElo "2802"]
[TimeControl "180+1"]
[EndTime "11:21:44 PST"]
[Termination "Azerichess won by resignation"]

1. d4 Nf6 2. c4 e6 3. Nc3 Bb4 4. Qc2 O-O 5. e4 d5 6. e5 Ne4 7. Bd3 c5 8. Nf3 cxd4 9. Nxd4 Nd7 10. Bf4 Ndc5 11. O-O Bxc3 12. bxc3 Bd7 13. Be2 Na4 14. cxd5 exd5 15. f3 Nexc3 16. Bd3 Qh4 17. g3 Qh3 18. Rfe1 Rac8 19. Qd2 h6 20. Rac1 b5 21. g4 Qh4 22.
Nf5 Bxf5 23. Bxf5 Rc4 24. Bd3 Rcc8 25. Bf5 Rc4 26. Bd3 Rcc8 27. a3 a5 28. Bf5 Rc4 29.
Bd3 Rcc8 30. Bc2 Rfd8 31. Qd3 g6 32. e6 Qf6 33. Be5 Qg5 34. h4 Qe7 35. h5 Nb2 36.
Qd2 Qg5 37. Qxg5 hxg5 38. exf7+ Kxf7 39. Bxg6+ Kf8 40. Rxc3 1-0

[Event "*** Titled Tuesday Blitz"]
[Site "Chess.com"]
[Date "2021.03.09"]
[Round "7"]
[White "iturrizaga"]
[Black "dozer80"]
[Result "0-1"]
[WhiteElo "2823"]
[BlackElo "2614"]
[TimeControl "180+1"]
[EndTime "11:21:44 PST"]
[Termination "dozer80 won on time"]

1. c4 e5 2. g3 Nc6 3. Bg2 Bc5 4.
Nc3 d6 5. e3 h5 6. h3 a6 7.
Nge2 Ba7 8. d4 Nge7 9. d5 Nb8 10. e4 h4 11. g4 Nd7 12. Qd3 Ng6 13. Qf3 Rb8 14. O-O b5 15. cxb5 axb5 16. b4 Nf6 17.
Kh2 Nh7 18. Qd3 Bd7 19. Bd2 O-O 20. a4 bxa4 21. b5 Bc5 22. Rxa4 Qf6 23. Rc4 Bxb5 24. Nxb5 Rxb5 25. Nc3 Rb2 26. Na4 Nf4 27. Qc3 Rxd2 28. Qxd2 Ng5 29. f3 Bd4 30. Rxc7 Ra8 31. Rc4 Kh7 32.
Nc3 Ra3 33. Nb5 Rd3 34. Qc2 Be3 35. Rc3 Rd2 36. Qxd2 Bxd2 37. Rc2 Nxg2 38. Kxg2 Qf4 0-1

[Event "*** Titled Tuesday Blitz"]
[Site "Chess.com"]
[Date "2021.03.09"]
[Round "7"]
[White "ENajer77"]
[Black "Chesspirate_Channel"]
[Result "1-0"]
[WhiteElo "2622"]
[BlackElo "2407"]
[TimeControl "180+1"]
[EndTime "11:21:44 PST"]
[Termination "ENajer77 won by resignation"]

1. d4 d5 2. c4 e5 3. dxe5 d4 4. Nf3 Nc6 5. a3 Bg4 6. Nbd2 Qd7 7. g3 O-O-O 8. Bg2 Bh3 9. O-O h5 10. b4 f6 11. Ne4 h4 12. b5 Nxe5 13. Nxe5 fxe5 14.
Bxh3 Qxh3 15. Ng5 Qd7 16. Qd3 Nf6 17. Bd2 Re8 18. f3 hxg3 19. hxg3 Bc5 20. Kg2 e4 21. fxe4 Nxe4 22. Nxe4 Rxe4 23. Qxe4 Qh3+ 24. Kf3 Qh5+ 25. Qg4+ Qxg4+ 26. Kxg4 Re8 27. Rae1 Bxa3 28. Rf7 Bb2 29.
Bf4 d3 30. Rxc7+ Kd8 31. Rd1 Be5 32. Bxe5 Rxe5 33. Rxg7 Rxe2 34. Rxd3+ Kc8 35. Rf3 Re8 36. Rff7 b6 37. Rc7+ Kb8 38. Rb7+ Kc8 39. Rxa7 Re4+ 40.
Kf5 Kb8 41. Kxe4 1-0

[Event "*** Titled Tuesday Blitz"]
[Site "Chess.com"]
[Date "2021.03.09"]
[Round "7"]
[White "eldur16"]
[Black "Aslanov_Umid"]
[Result "1-0"]
[WhiteElo "2561"]
[BlackElo "2411"]
[TimeControl "180+1"]
[EndTime "11:21:44 PST"]
[Termination "eldur16 won by checkmate"]

1. Nf3 d5 2. g3 c6 3. Bg2 Bg4 4.
O-O Nd7 5. d3 e5 6. Nbd2 Ngf6 7.
e4 dxe4 8. dxe4 Be7 9. h3 Bh5 10. Qe1 O-O 11. Nh4 Nc5 12. Nc4 Nfxe4 13. Nf5 Nd6 14.
Nxe7+ Qxe7 15. Qxe5 Qxe5 16. Nxe5 Rfe8 17. f4 f6 18. Nf3 Nce4 19. g4 Bf7 20. Re1 Ng3 21. Be3 Nc4 22. Bd4 Ne2+ 23. Kf2 Nxf4 24. Bf1 Rad8 25.
Rxe8+ Rxe8 26. Bxa7 Nxb2 27. Rb1 Nc4 28. Rxb7 Nd6 29. Rd7 Ne4+ 30. Kg1 Be6 31. Rc7 Bd5 32. a4 Nc3 33. Nd4 Nxa4 34. Nxc6 Nc3 35. Ne7+ Kf8 36. Nf5 Nce2+ 37. Kf2 g6 38. Bc5+ Kg8 39. Ne7+ Kh8 40.
Bxe2 Nxe2 41. Nxd5 Nc1 42. Nxf6 Rf8 43. Rxh7# 1-0

[Event "*** Titled Tuesday Blitz"]
[Site "Chess.com"]
[Date "2021.03.09"]
[Round "7"]
[White "PushingpawnsNYC"]
[Black "Tekushka"]
[Result "0-1"]
[WhiteElo "2302"]
[BlackElo "2457"]
[TimeControl "180+1"]
[EndTime "11:21:45 PST"]
[Termination "Tekushka won by checkmate"]

1. e4 e6 2. d4 d5 3. Bd3 dxe4 4. Bxe4 Nf6 5. Bf3 c5 6. Ne2 Nc6 7. Be3 cxd4 8. Nxd4 Ne5 9. O-O a6 10. Nc3 Nc4 11.
Bc1 Bc5 12. Nb3 Qxd1 13. Rxd1 Ba7 14. Be2 Ne5 15. h3 Bd7 16. Bf4 Ng6 17. Bd6 O-O-O 18. Nc5 Bc6 19. b4 Nd5 20. Nxd5 Bxd5 21. Bg3 Bxc5 22.
bxc5 e5 23. Bg4+ Kc7 24. Bf5 f6 25. a4 Ne7 26. Bg4 g5 27. h4 h5 28. Be2 g4 29.
c4 Bc6 30. f4 Nf5 31. Kf2 e4 32. Ra3 Rxd1 33. Bxd1 e3+ 34. Rxe3 Nxe3 35. f5+ Kd7 36. Kxe3 Bxg2 37. a5 Bc6 38. Kf4 Re8 39. Bc2 Re2 40. Bd3 Rd2 41. Bb1 Rd4+ 42. Ke3 Rxc4 43. Ba2 Rc3+ 44.
Kf4 Rf3# 0-1

[Event "*** Titled Tuesday Blitz"]
[Site "Chess.com"]
[Date "2021.03.09"]
[Round "7"]
[White "JimmmyZhang"]
[Black "Bigfish1995"]
[Result "1-0"]
[WhiteElo "2474"]
[BlackElo "3061"]
[TimeControl "180+1"]
[EndTime "11:21:46 PST"]
[Termination "JimmmyZhang won on time"]

1. Nf3 h6 2. e4 g5 3. d3 Bg7 4. Nc3 d6 5. Be2 c5 6. Be3 Nc6 7. O-O e5 8. Nd2 Nge7 9. Nd5 Nxd5 10. exd5 Ne7 11. c4 O-O 12. b4 cxb4 13. a3 bxa3 14. Rxa3 b6 15. Qb3 Bd7 16. Rfa1 Nc8 17. g4 f5 18.
gxf5 Bxf5 19. Ne4 Rb8 20. Qb5 Rb7 21. Bh5 Rc7 22. f3 Bd7 23. Qb4 Qe7 24. R3a2 Kh8 25. Rg2 Bh3 26. Rg3 Bf5 27. Rg2 Qd7 28. h4 gxh4 29.
Kh2 Bh3 30. Bg4 Bxg4 31. fxg4 Rf3 32. Qd2 Kh7 33. Rag1 Qf7 34. g5 Qf5 35. Rg4 h5 36. Rxh4 Qg6 37. Qe2 Qf5 38. Ng3 1-0

[Event "*** Titled Tuesday Blitz"]
[Site "Chess.com"]
[Date "2021.03.09"]
[Round "7"]
[White "StockholmMissile"]
[Black "dusanacns"]
[Result "0-1"]
[WhiteElo "2569"]
[BlackElo "2729"]
[TimeControl "180+1"]
[EndTime "11:21:46 PST"]
[Termination "dusanacns won by resignation"]

1. d4 g6 2. e4 Bg7 3. Nf3 c6 4. Be2 d5 5. exd5 cxd5 6. O-O Nc6 7. c3 Nf6 8. Bf4 O-O 9. Nbd2 Bf5 10. Re1 Ne4 11.
Bf1 h6 12. Nxe4 Bxe4 13. Bd3 Bxd3 14. Qxd3 Rc8 15. Re2 e6 16. Qd2 Kh7 17. Ne5 b5 18. a3 Ne7 19. h4 Nf5 20. h5 g5 21. Bh2 Nd6 22. Nd3 Ne4 23. Qc2 Kg8 24. Be5 f6 25. Bh2 f5 26. f3 Bxd4+ 27. Kh1 Nf6 28. Rxe6 Rf7 29. Nb4 Nxh5 30. Qb3 Bg7 31. Nxd5 Kh8 32.
Rae1 g4 33. Qxb5 Qh4 34. fxg4 Ng3+ 35. Kg1 Ne4 36. R1xe4 fxe4 37. Re8+ Rxe8 38. Qxe8+ Rf8 39. Qxe4 Qf2+ 40. Kh1 Qxb2 41. Nf4 Qc1+ 42. Bg1 Qxf4 0-1

[Event "*** Titled Tuesday Blitz"]
[Site "Chess.com"]
[Date "2021.03.09"]
[Round "7"]
[White "Ekose"]
[Black "TeukkaSalama"]
[Result "1-0"]
[WhiteElo "2523"]
[BlackElo "2366"]
[TimeControl "180+1"]
[EndTime "11:21:46 PST"]
[Termination "Ekose won by resignation"]

1. d4 e6 2. Nf3 f5 3. g3 Nf6 4. Bg2 d5 5. O-O Bd6 6. c4 c6 7. Qc2 O-O 8. b3 Qe7 9. a4 a5 10. Ba3 Bxa3 11. Nxa3 Na6 12. Ne5 Nb4 13. Qb2 b6 14.
Nc2 Bb7 15. Nxb4 axb4 16. Rac1 Ne4 17. Bxe4 fxe4 18. c5 bxc5 19. Rxc5 e3 20. f3 Qg5 21. Kg2 Rf6 22. Qc1 h5 23. h4 Qh6 24. f4 Qh7 25.
Qxe3 Qf5 26. Qd3 Ba6 27. Qxf5 exf5 28. Kf2 Re8 29. Rfc1 Bb7 30. e3 Kf8 31. Nd7+ Ke7 32. Nxf6 Kxf6 33. Rxc6+ Bxc6 34. Rxc6+ Ke7 35. Rb6 Rc8 36.
Rxb4 Rc2+ 37. Kf3 Ra2 38. Rb7+ Kf6 39. Rb6+ Ke7 40. Ra6 Ra3 41. b4 Kd7 42. b5 Kc7 43. Ra7+ Kb6 44. Rxg7 Rxa4 45. Rd7 Kxb5 46. Rxd5+ Kc4 47.
Rxf5 Kd3 48. Rxh5 Ra1 49. Re5 Rf1+ 50. Kg4 1-0

[Event "*** Titled Tuesday Blitz"]
[Site "Chess.com"]
[Date "2021.03.09"]
[Round "7"]
[White "MatyChess1"]
[Black "Blitzstream"]
[Result "0-1"]
[WhiteElo "2581"]
[BlackElo "2746"]
[TimeControl "180+1"]
[EndTime "11:21:47 PST"]
[Termination "Blitzstream won by checkmate"]

1. e4 d5 2. exd5 Qxd5 3. Nc3 Qa5 4. d4 Nf6 5. Bd2 c6 6. Nf3 Bf5 7. Ne5 e6 8. g4 Bg6 9. h4 Qb6 10. Bc1 Bb4 11. h5 Be4 12. f3 Bd5 13. Be2 Nbd7 14. g5 Nxe5 15. gxf6 gxf6 16. dxe5 O-O-O 17. Qd3 Bb3 18. axb3 Rxd3 19. Bxd3 fxe5 20. Ke2 Rg8 21. Be3 Rg2+ 22. Kf1 Qxe3 23. Kxg2 Bc5 24. Ne4 Bb6 25.
Rae1 Qf4 26. Nd6+ Kd7 27. Nc4 Bc7 28. Re4 Qh6 29. Rg4 f5 30. Rg8 b5 31. Rd1 bxc4 32. Bxc4+ Ke7 33. Rc8 Qg5+ 34. Kf1 Bb6 35. Ke2 Qg2+ 36. Kd3 Qxf3+ 37. Kd2 Qe3# 0-1

[Event "*** Titled Tuesday Blitz"]
[Site "Chess.com"]
[Date "2021.03.09"]
[Round "7"]
[White "MrrRefrao"]
[Black "kubal123"]
[Result "0-1"]
[WhiteElo "2381"]
[BlackElo "2277"]
[TimeControl "180+1"]
[EndTime "11:21:47 PST"]
[Termination "kubal123 won on time"]

1. e4 e5 2. Nf3 Nc6 3. Bb5 a6 4. Ba4 Nf6 5. O-O b5 6. Bb3 Be7 7. Re1 d6 8. c3 O-O 9. h3 Bb7 10. d4 Re8 11. Ng5 Rf8 12. Nf3 Re8 13. Nbd2 Bf8 14. a3 h6 15. Bc2 Qd7 16. Nf1 d5 17. exd5 Qxd5 18. Ne3 Qd8 19. Bb3 exd4 20.
cxd4 Qd7 21. Bd2 Nxd4 22. Nxd4 Qxd4 23. Qc1 c5 24. Bc3 Qf4 25. Ng4 Qxc1 26. Nxf6+ gxf6 27. Rexc1 c4 28. Bc2 Bc5 29. Re1 Kg7 30. h4 Rad8 31. g4 Re6 32. g5 hxg5 33. hxg5 Rh8 34. Bxf6+ Rxf6 35. gxf6+ Kxf6 36. Be4 Rg8+ 37. Kf1 Bc8 38. Bf3 Bf5 39. Rad1 Bd3+ 40. Be2 Be4 41. Bh5 Bg2+ 42.
Ke2 Rg5 43. Bf3 Re5+ 44. Kd2 Rxe1 45. Rxe1 Bxf3 46. Re8 Bxf2 47. Rc8 Bg3 0-1

[Event "*** Titled Tuesday Blitz"]
[Site "Chess.com"]
[Date "2021.03.09"]
[Round "7"]
[White "howitzer14"]
[Black "ChristopherYoo"]
[Result "1-0"]
[WhiteElo "3043"]
[BlackElo "2936"]
[TimeControl "180+1"]
[EndTime "11:21:48 PST"]
[Termination "howitzer14 won on time"]

1. Nc3 Nf6 2. d4 d5 3. Bf4 a6 4. e3 e6 5. g4 Bb4 6. f3 Bd6 7. Nge2 Bxf4 8. exf4 b6 9. h4 c5 10. h5 h6 11. Qd2 Nc6 12. Qe3 Bb7 13. Rd1 Qe7 14.
Kf2 Rc8 15. Rd2 Na5 16. Ng3 cxd4 17. Qxd4 Nc4 18. Bxc4 Rxc4 19. Qe3 Qb4 20. Nce2 d4 21. Rxd4 O-O 22. c3 Qc5 23. Rhd1 Nd5 24. Qd2 f6 25. Ne4 Qc7 26. Rxc4 Qxc4 27. b3 Qc7 28. c4 f5 29. N4g3 Nf6 30. g5 hxg5 31. fxg5 Ng4+ 32.
fxg4 fxg4+ 33. Ke1 Qc6 34. Qd7 Qf3 35. h6 Qf2+ 36. Kd2 Rf7 37. Qd8+ Kh7 38. Rf1 1-0

[Event "*** Titled Tuesday Blitz"]
[Site "Chess.com"]
[Date "2021.03.09"]
[Round "7"]
[White "Fy_Rakotomaharo"]
[Black "Genghis_K"]
[Result "1-0"]
[WhiteElo "2725"]
[BlackElo "2892"]
[TimeControl "180+1"]
[EndTime "11:21:49 PST"]
[Termination "Fy_Rakotomaharo won by resignation"]

1. e4 c5 2. Nf3 d6 3. d4 cxd4 4.
Nxd4 Nf6 5. Nc3 a6 6. h4 e5 7.
Nb3 Be6 8. f4 g6 9. Be2 Nc6 10.
g4 exf4 11. g5 Nd7 12. Bxf4 Nce5 13. Qd2 b5 14. O-O-O b4 15. Nd5 Bxd5 16. Qxd5 Be7 17. Kb1 a5 18. Bb5 O-O 19. h5 Bxg5 20. Bxg5 Qxg5 21. Bxd7 a4 22. Nc1 a3 23. Bb5 axb2 24. Nd3 Ra5 25. Nxe5 dxe5 26. hxg6 hxg6 27. Rhg1 Qf6 28.
Qc6 Qxc6 29. Bxc6 Rc5 30. Bd5 Kg7 31. Kxb2 Rd8 32. Bb3 Rxd1 33. Rxd1 f5 34. exf5 gxf5 35. Rd5 Rxd5 36. Bxd5 Kf6 37. Kb3 e4 38. Kxb4 Ke5 39. Bc4 f4 40. a4 f3 41. a5 e3 42. Kc3 Kd6 43. Kd3 e2 44. Kd2 Kc5 45. Bxe2 1-0

[Event "*** Titled Tuesday Blitz"]
[Site "Chess.com"]
[Date "2021.03.09"]
[Round "7"]
[White "Herman-NY"]
[Black "fabianvivasz"]
[Result "1-0"]
[WhiteElo "2452"]
[BlackElo "2278"]
[TimeControl "180+1"]
[EndTime "11:21:50 PST"]
[Termination "Herman-NY won by checkmate"]

1. e4 e5 2. Nf3 Nc6 3. Bc4 Nf6 4. d3 Bc5 5. c3 O-O 6. Bb3 d5 7. Qe2 dxe4 8. dxe4 a5 9. a4 Nh5 10. g3 Qf6 11. Nh4 Nf4 12. Bxf4 exf4 13. Nd2 Ne5 14. O-O-O f3 15. Ndxf3 Bg4 16. Rd3 g5 17. Nf5 Rad8 18.
Rhd1 Rxd3 19. Rxd3 Rd8 20. Rxd8+ Qxd8 21. Nh6+ Kg7 22.
Nxg4 Nxg4 23. Nd4 Bxd4 24. Qxg4 Bf6 25. f4 Kh8 26. e5 Be7 27. Qf5 Qf8 28. Bxf7 Qg7 29.
Bc4 gxf4 30. gxf4 h6 31. Kc2 Qg2+ 32. Kb3 Qg7 33. Qe6 c6 34. f5 Bf8 35. f6 Qg6 36. h4 h5 37. Qc8 Qh6 38. Qe8 Kh7 39. Qf7+ Kh8 40. Qg8# 1-0

[Event "*** Titled Tuesday Blitz"]
[Site "Chess.com"]
[Date "2021.03.09"]
[Round "7"]
[White "mishanick"]
[Black "VitaliyBernadskiy"]
[Result "0-1"]
[WhiteElo "2999"]
[BlackElo "2776"]
[TimeControl "180+1"]
[EndTime "11:21:53 PST"]
[Termination "VitaliyBernadskiy won by checkmate"]

1. e4 e5 2. Nf3 Nc6 3. Bb5 Nf6 4. d3 d6 5. O-O g6 6. d4 Bd7 7. d5 Ne7 8. Qe2 Bg7 9. Bxd7+ Qxd7 10. c4 O-O 11.
Nc3 Nh5 12. Ne1 f5 13. Nd3 fxe4 14. Nxe4 Nf5 15. Be3 Nf4 16. Bxf4 Nd4 17. Qd2 exf4 18.
f3 Nf5 19. Kh1 Ne3 20. Rfc1 Rae8 21. Rab1 Qf5 22. Ndf2 g5 23. c5 g4 24. cxd6 cxd6 25. Nxd6 Qg6 26. Nxe8 gxf3 27. Nd3 fxg2+ 28. Kg1 Bd4 29.
Nf2 Bb6 30. Nc7 Ng4 31. Ne6 Nxf2 32. Qxf2 Bxf2+ 33. Kxf2 Re8 34. Rg1 Kf7 35. Rbe1 f3 36.
Kxf3 Qf5+ 37. Kg3 Rg8+ 38. Kh4 Qg4# 0-1

[Event "*** Titled Tuesday Blitz"]
[Site "Chess.com"]
[Date "2021.03.09"]
[Round "7"]
[White "S-Fazulyanov"]
[Black "GMKrikor"]
[Result "1/2-1/2"]
[WhiteElo "2546"]
[BlackElo "2704"]
[TimeControl "180+1"]
[EndTime "11:21:53 PST"]
[Termination "Game drawn by repetition"]

1. d4 Nf6 2. Nf3 g6 3. c4 Bg7 4. Nc3 d5 5. e3 O-O 6. b3 c5 7. Bb2 cxd4 8. exd4 Nc6 9. Be2 Bg4 10. O-O e6 11. h3 Bxf3 12. Bxf3 dxc4 13. Bxc6 bxc6 14. bxc4 Rb8 15. Rb1 Qa5 16. Ba1 Nh5 17. Qa4 Qxa4 18. Nxa4 Nf4 19. Rfe1 Ne2+ 20. Kf1 Nxd4 21. Red1 Nc2 22.
Bxg7 Kxg7 23. Nc5 Na3 24. Rbc1 Rb4 25. Rd7 Re8 26. Rxa7 Rxc4 27. Rxc4 Nxc4 28. Rc7 Kg8 29. a4 Na5 30. Ra7 Nc4 31. Rc7 Ra8 32. Rxc6 Ra5 33. g3 Ne5 34. Rc8+ Kg7 35. Kg2 h5 36. Rc7 Kg8 37. Rc8+ Kg7 38. Rc7 Kg8 39. h4 Ng4 40.
Rc8+ Kg7 41. Rc7 Kg8 42. Rc8+ Kg7 43. Rc7 Kg8 1/2-1/2

[Event "*** Titled Tuesday Blitz"]
[Site "Chess.com"]
[Date "2021.03.09"]
[Round "7"]
[White "katchesskat"]
[Black "lupta_robin"]
[Result "0-1"]
[WhiteElo "2324"]
[BlackElo "2586"]
[TimeControl "180+1"]
[EndTime "11:21:53 PST"]
[Termination "lupta_robin won on time"]

1. c4 e5 2. Qc2 Nf6 3. e3 Nc6 4. a3 a5 5. b3 Be7 6. Bb2 O-O 7. h4 Re8 8. Nf3 d6 9. d3 Bf5 10. Nbd2 Bf8 11. Be2 e4 12. Ng5 exd3 13. Bxd3 Bxd3 14. Qxd3 Ne5 15. Qc2 h6 16. O-O-O a4 17. b4 d5 18. Ndf3 Ned7 19. Rxd5 g6 20. h5 Nxd5 21. hxg6 f6 22. cxd5 hxg5 23. g7 Bxg7 24. Qh7+ Kf8 25. Nxg5 Ra6 26.
Qg6 Qe7 27. Rh7 Ne5 28. Bxe5 fxe5 29. Ne6+ Rxe6 30. dxe6 Qf6 31. Qg4 Rxe6 32. Rh5 Rc6+ 33. Kb1 Qe6 34. Rf5+ Kg8 35. Qe4 Qb3+ 36. Ka1 Rc1+ 0-1

[Event "*** Titled Tuesday Blitz"]
[Site "Chess.com"]
[Date "2021.03.09"]
[Round "7"]
[White "AliKa2810"]
[Black "Durarbayli"]
[Result "0-1"]
[WhiteElo "2547"]
[BlackElo "2682"]
[TimeControl "180+1"]
[EndTime "11:21:54 PST"]
[Termination "Durarbayli won by resignation"]

1. c4 c6 2. d4 d5 3. cxd5 cxd5 4. Bg5 f6 5. Bh4 Nc6 6. Nc3 Nh6 7. f3 Nf5 8. Bf2 e5 9. e3 exd4 10. exd4 Bb4 11. Bd3 O-O 12. Ne2 Re8 13. O-O Ne3 14. Bxe3 Rxe3 15. Qd2 Re8 16. Rae1 Be6 17. a3 Ba5 18.
Kh1 Bf7 19. Qf4 Bc7 20. Qh4 h5 21. Ng3 Rxe1 22. Rxe1 g6 23. Qh3 Nxd4 24. Nce2 Qe7 25. Rc1 Nxe2 26. Nxe2 Re8 27. Qh4 Be5 28. Nd4 Bd6 29. Qf2 Qe5 30. g3 Qe3 31. Qxe3 Rxe3 32. Rd1 Bc5 33. Nb3 Bb6 34. Kg2 Kg7 35. Bc2 Re2+ 36.
Kh3 Be6+ 37. g4 hxg4+ 38. fxg4 Rxc2 39. Nd4 Bxd4 40. Rxd4 Rxb2 0-1

[Event "*** Titled Tuesday Blitz"]
[Site "Chess.com"]
[Date "2021.03.09"]
[Round "7"]
[White "Ajedrez_con_German"]
[Black "kingofthenil"]
[Result "0-1"]
[WhiteElo "2539"]
[BlackElo "2778"]
[TimeControl "180+1"]
[EndTime "11:21:54 PST"]
[Termination "kingofthenil won on time"]

1. Nf3 Nf6 2. b3 d5 3. Bb2 Bg4 4. e3 Nbd7 5. Be2 e6 6. O-O Bd6 7. c4 c6 8. cxd5 exd5 9. d3 O-O 10. Nbd2 Re8 11. Re1 a5 12. a3 h6 13. Bf1 Qc7 14. Qc2 Bh5 15. Bc3 Qb6 16. Qb2 Qc7 17. b4 axb4 18. axb4 Bg6 19. Rxa8 Rxa8 20. Ra1 Qb8 21.
h3 Be7 22. Ra3 Bf5 23. Qa1 Rxa3 24. Qxa3 Bd6 25. Nd4 Bg6 26. N4f3 Bf5 27. Nd4 Bg6 28. N4f3 Ne8 29. Qb2 Bf8 30. d4 Nd6 31. b5 cxb5 32. Bxb5 Nb6 33. Ne5 Bf5 34. Ba5 Qa7 35. Bc3 Na4 36.
Bxa4 Qxa4 37. Qa1 Qc2 38. Ndf3 Ne4 39. Be1 b5 40. g4 Be6 41. Qa5 b4 42. Qa1 b3 0-1

[Event "*** Titled Tuesday Blitz"]
[Site "Chess.com"]
[Date "2021.03.09"]
[Round "7"]
[White "albi1999"]
[Black "Alex-11211"]
[Result "0-1"]
[WhiteElo "2587"]
[BlackElo "2430"]
[TimeControl "180+1"]
[EndTime "11:21:54 PST"]
[Termination "Alex-11211 won by checkmate"]

1. d4 Nf6 2. c4 c5 3. d5 g6 4. Nc3 Bg7 5. e4 O-O 6. Nge2 d6 7. Ng3 e6 8. Be2 exd5 9. cxd5 a6 10. a4 Nbd7 11. O-O Re8 12. Be3 h5 13. f3 h4 14.
Nh1 Nh5 15. Qd2 Ne5 16. Nf2 f5 17. f4 Ng4 18. Nxg4 fxg4 19. Bd3 g3 20. h3 Bd7 21. Rae1 b5 22. e5 Bf5 23. axb5 dxe5 24. fxe5 Rxe5 25. Bxc5 Rxe1 26. Rxe1 axb5 27. Bxb5 Rc8 28.
Re8+ Qxe8 29. Bxe8 Rxe8 30. d6 Bh6 31. Qd5+ Kh7 32. Kf1 Bg7 33. Bd4 Nf4 34. Bxg7 Bd3+ 35.
Qxd3 Nxd3 36. Bf6 Re1# 0-1